 Dungeon Crawl Stone Soup version 0.31-a0-640-g39d97e502b (webtiles) character file.

Game seed: 1457676126191851508

46 Arcadio the Magician (level 3, -1/27 HPs)
             Began as a Djinni Necromancer on Aug 28, 2023.
             Killed by divine providence
             ... invoked by an orc priest
              (15 damage)
             ... on level 3 of the Dungeon.
             The game lasted 00:04:25 (1684 turns).

Arcadio the Magician (Djinni Necromancer)           Turns: 1684, Time: 00:04:26

Health: -1/27      AC:  4    Str:  7    XL:     3   Next: 95%
Gold:   113        EV: 12    Int: 18    God:
                   SH:  0    Dex: 13

rFire   + + .        c - +0 dagger
rCold   x . .        (no shield)
rNeg    . . .        a - +0 robe
rPois   ∞            i - +0 helmet
rElec   .            (no cloak)
rCorr   +            m - +0 pair of gloves
SInv    .            (boots unavailable)
Will    .....        (no amulet)
Stlth   ++           d - ring of resist corrosion
HPRegen 0.24/turn    (no ring)
MPRegen 0.00/turn

%: infuse magic (-2 HP)
@: flying
A: sickness immunity, fire resistance 2, cold vulnerability 1, float, innate
caster, HP casting, extra vitality 1
a: no special abilities


You were on level 3 of the Dungeon.
You visited 1 branch of the dungeon, and saw 3 of its levels.

You collected 113 gold pieces.

Inventory:

Hand Weapons
 c - a +0 dagger (weapon)
Armour
 a - a +0 robe (worn)
 i - a +0 helmet (worn)
 m - a +0 pair of gloves (worn)
Jewellery
 d - a ring of resist corrosion (left hand)
Wands
 p - a wand of mindburst (7)
Scrolls
 b - a scroll of fog {unknown}
 f - 2 scrolls of amnesia {unknown}
 g - 5 scrolls of identify {unknown}
 h - a scroll of vulnerability {unknown}
 l - a scroll of brand weapon {unknown}
 n - a scroll of revelation {unknown}
 q - a scroll of enchant armour {unknown}
Potions
 e - a potion of curing {unknown}
 j - a potion of enlightenment {unknown}
 k - a potion of lignification {unknown}
 o - a potion of brilliance {unknown}


   Skills:
 + Level 1.6 Fighting
 + Level 3.0 Dodging
 - Level 1.5 Stealth
 + Level 3.6 Spellcasting
 + Level 3.6 Conjurations
 + Level 3.6 Hexes
 + Level 3.6 Summonings
 + Level 3.6 Necromancy
 + Level 3.6 Translocations
 + Level 3.6 Transmutations
 + Level 3.6 Fire Magic
 + Level 3.6 Ice Magic
 + Level 3.6 Air Magic
 + Level 3.6 Earth Magic
 + Level 3.6 Poison Magic


You knew the following spells:

 Your Spells              Type           Power      Damage    Failure   Level
a - Necrotise             Necr           64%        1d7       3%          1
b - Vampiric Draining     Necr           16%        2d7       11%         3
c - Animate Dead          Necr           16%        N/A       34%         4
d - Agony                 Necr           16%        N/A       67%         5
e - Kiss of Death         Conj/Necr      64%        2d10      3%          1
Your spell library was empty.

Dungeon Overview and Level Annotations

Branches:
Dungeon (3/15) Zot: 16316

Altars:
Okawaru


Innate Abilities, Weirdness & Mutations

You are immune to sickness and miasma.
You are immune to poison.
Your flesh is very heat resistant. (rF++)
You are vulnerable to cold. (rC-)
You float through the air rather than walking.
You learn spells naturally, not from books.
Your magical power is your life essence.
You have superior vitality. (+4 MHP)


Message History

The dead are walking!
You now have 113 gold pieces (gained 6).
You see here a +0 sling.
Your frilled lizard skeleton crumbles into dust!
An orc comes into view. It is wielding a +0 club.
Casting: Necrotise (safe; 3% risk of failure)
Confirm with . or Enter, or press ? or * to list all spells.
Aiming: Necrotise (safe; 3% risk of failure)
Press: ? - help, Shift-Dir - straight line, f - orc
Aim: an orc, wielding a +0 club (asleep, chance to affect: 86%)
The orc shouts!
The orc writhes in agony.
Casting: Necrotise (safe; 3% risk of failure)
Confirm with . or Enter, or press ? or * to list all spells.
Aiming: Necrotise (safe; 3% risk of failure)
Press: ? - help, Shift-Dir - straight line, f/p - orc
Aim: an orc, wielding a +0 club (heavily wounded, chance to affect: 86%)
The orc writhes in agony.
You kill the orc!
The dead are walking!
Casting: Necrotise (safe; 3% risk of failure)
Confirm with . or Enter, or press ? or * to list all spells.
You can't see any susceptible monsters within range! (Use Z to cast anyway.) Unknown command.
There is a stone staircase leading down here.
You reach down and open the door. 2 orc priests and 3 orcs come into view.
The orc shouts!
The orc priest shouts!
The orc shouts!
Found 68 gold pieces and a lumpy pink potion.
Found a roughly hewn altar of Beogh.
The orc shouts!
The orc priest mumbles some strange prayers to Beogh against you.
Beogh smites you! The orc hits you but does no damage.
The orc priest hits you with a +0 short sword.
There is an open door here.
The orc closely misses you.
The orc priest mumbles some strange prayers to Beogh against you.
Beogh smites you!
Ouch! That really hurt!
You die...

####.#...# ...#.....#...
##########........# ##.#<.# #...
.....##......##>..# #.....# #...
.....#..##.#......# #.#...# #...
.......###.#.##...###.#..#####...
.....### #.#.##..#...........#...
.....# #######..............###
.....# ##..o# #Z..............#
.....# #.8.8o##@..............#
.....# #_$o..o.....[..........#
###### #!8.8.#................#
##$$o###...............# ####
#...............#
##.............## ##.....#.....##
#############


You could see 2 orc priests, an orc and a friendly orc skeleton.

Vanquished Creatures
  An orc (D:3)
  5 endoplasms
  4 giant cockroaches
  2 hobgoblins
  8 jackals (D:1)
  2 quokkas (D:1)
  3 ball pythons
  2 bats
  2 frilled lizards
  2 goblins (D:1)
  4 kobolds
  6 rats
41 creatures vanquished.

Notes
Turn   | Place    | Note
-------+----------+-------------------------------------------
     0 | D:1      | Arcadio the Djinni Necromancer began the quest for the Orb.
     0 | D:1      | Arcadio set off with the following spells memorised:
                  | Necrotise, Vampiric Draining, Animate Dead, Agony.
     0 | D:1      | Reached XP level 1. HP: 15/15 MP: 0/0
    87 | D:1      | Reached XP level 2. HP: 14/22 MP: 0/0
   362 | D:1      | Reached skill level 1 in Fighting
   483 | D:1      | Reached XP level 3. HP: 20/27 MP: 0/0
   483 | D:1      | Learned a level 1 spell: Kiss of Death
  1093 | D:2      | Found a faded altar of an unknown god.
  1133 | D:2      | Found an iron altar of Okawaru.
  1684 | D:3      | Killed from afar by an orc priest

Illustrated notes

Levels and vault maps discovered:
D:1:      dpeg_arrival_boxorama, layout_loops_ring
D:2:      layout_rooms, basic_altar, ebering_ecumenical_altar_abandoned
D:3:      layout_rooms, minitemple, kennysheep_orc_chapel

Skill      XL: |  1  2  3 |
---------------+----------+-----
Fighting       | 1 |  1.6
Dodging        | 3 |  3.0
Stealth        | |  1.5
Spellcasting   | |  3.6
Conjurations   | |  3.6
Hexes          | |  3.6
Summonings     | |  3.6
Necromancy     | |  3.6
Translocations | |  3.6
Transmutations | |  3.6
Fire Magic     | |  3.6
Ice Magic      | |  3.6
Air Magic      | |  3.6
Earth Magic    | |  3.6
Poison Magic   | |  3.6

Action                     || total
---------------------------++-------
  Melee: Dagger            ||    42
   Cast: Necrotise         ||    65
 Armour: Robe              ||    14
  Dodge: Dodged            ||    26

Table legend: (Time is in decaauts)
 A = Elapsed time spent in this place.
 B = Non-inter-level travel time spent in this place.
 C = Inter-level travel time spent in this place.
 D = Time resting spent in this place.
 E = Time spent auto-exploring this place.
 F = Levels seen in this place.
 G = Mean time per level.
                   A        B        C        D        E       F      G
               +--------+--------+--------+--------+--------+-----+--------+
         Total |   1682 |   1658 |     24 |      3 |   1292 |   3 |  560.7 |
       Dungeon |   1682 |   1658 |     24 |      3 |   1292 |   3 |  560.7 |
               +--------+--------+--------+--------+--------+-----+--------+

Top non-repeatable levels by time:
     D:1: 949 daAuts
     D:2: 480 daAuts
     D:3: 252 daAuts
